Map: 에코 - 래더

Players

TYTY (TY)

  • Race: Terran Terran
  • League: Diamond
  • Spawn Location: 11:00

trusT - Winner!

  • Race: Protoss Protoss
  • Spawn Location: 5:00

VOD

Have the link to the VOD?

Description

Time

  • Played on: Nov. 27, 2016, 6:49 a.m.
  • Length: 15:45
Show
View Real Time Build Order
Export as new Build Order

TYTY Terran 

Build Orders: Reaper Expand, MMM Bio 

Get SALT Encoding   

  12  0:00  SCV  
  13  0:12  SCV  
  14  0:17  Supply Depot  
  14  0:24  SCV  
  14  0:27  Refinery  
  15  0:39  SCV  
  16  0:44  Barracks  
  16  0:51  SCV  
  17  1:03  SCV  
  18  1:15  SCV  
  19  1:30  Reaper  
  19  1:31  Orbital Command  
  20  1:41  Command Center  
  20  1:52  Factory  
  20  1:56  SCV  
  21  2:05  Barracks Reactor  
  21  2:08  SCV  
  21  2:12  Supply Depot  
  22  2:21  SCV  
  23  2:33  SCV  
  23  2:48  Hellion x2  
  23  2:49  SCV  
  28  2:55  Command Center  
  27  3:00  Orbital Command  
  27  3:03  SCV  
  28  3:12  Cyclone  
  31  3:14  Widow Mine  
  31  3:17  SCV  
  34  3:26  SCV  
  35  3:29  SCV  
  36  3:38  SCV  
  37  3:41  SCV  
  39  3:50  SCV  
  39  3:52  Barracks  
  39  3:53  Barracks  
  39  3:54  SCV  
  39  3:55  Factory Tech Lab, Marine x2  
  38  4:02  Engineering Bay, SCV  
  41  4:06  SCV  
  41  4:08  Orbital Command  
  42  4:13  Marine x2  
  42  4:14  SCV  
  45  4:18  SCV  
  45  4:23  Refinery  
  49  4:26  SCV  
  49  4:27  Refinery  
  49  4:30  SCV  
  49  4:31  Missile Turret, Marine x2  
  51  4:37  SCV  
  54  4:38  SCV  
  54  4:42  SCV  
  56  4:46  Stimpack  
  56  4:47  Marine  
  56  4:49  Barracks Reactor, SCV, Marine x2  
  56  4:51  Supply Depot, SCV  
  58  4:54  Factory Reactor, SCV  
  58  4:55  Starport  
  59  5:01  SCV  
  59  5:03  SCV  
  59  5:04  Missile Turret  
  59  5:05  Terran Infantry Weapons Level 1, Marine  
  59  5:06  SCV  
  61  5:12  Marine  
  62  5:14  Supply Depot  
  62  5:15  Orbital Command, SCV  
  62  5:16  Marine  
  62  5:17  Supply Depot  
  62  5:18  SCV  
  66  5:22  Marine  
  66  5:27  SCV  
  66  5:28  Supply Depot  
  67  5:31  Marine x2  
  69  5:36  Marine  
  69  5:39  SCV  
  69  5:40  SCV  
  69  5:42  Marine x2  
  70  5:45  SCV  
  70  5:46  Medivac x2  
  70  5:47  Factory Reactor  
  76  5:54  SCV x2  
  76  5:55  Marine x3  
  76  5:56  Missile Turret  
  81  6:00  Barracks, SCV, Marine x2  
  81  6:01  Barracks  
  84  6:06  Supply Depot, SCV x2  
  86  6:12  Refinery  
  86  6:16  Marine x3  
  86  6:18  Medivac x2  
  93  6:19  Missile Turret  
  93  6:27  Widow Mine x2  
  93  6:28  Supply Depot, Marauder, SCV x2  
  101  6:34  Missile Turret  
  101  6:36  Supply Depot  
  101  6:47  Combat Shields  
  101  6:48  Barracks Tech Lab x2  
  101  6:49  Marine x4  
  101  6:50  SCV x3  
  107  6:54  Supply Depot  
  107  6:55  Supply Depot  
  107  6:57  Supply Depot  
  107  6:58  Widow Mine x2  
  107  6:59  Liberator  
  107  7:01  Bunker  
  111  7:02  Missile Turret, SCV  
  111  7:04  Marauder  
  111  7:08  Liberator, Marauder  
  116  7:09  Concussive Shells  
  116  7:11  Marine  
  117  7:16  Marauder, Marine x3  
  117  7:21  Supply Depot  
  128  7:24  Refinery  
  128  7:30  Refinery  
  128  7:31  Widow Mine x2  
  128  7:35  Marine x4  
  135  7:38  Terran Infantry Armor Level 1, Supply Depot  
  135  7:39  Marine x2  
  135  7:43  SCV x3  
  140  7:48  Liberator  
  140  7:53  Armory, Missile Turret  
  140  7:55  Engineering Bay, Marine x2  
  140  8:03  SCV x3  
  140  8:11  Liberator  
  143  8:14  Command Center  
  143  8:15  SCV  
  143  8:22  Starport  
  143  8:24  Marauder x3, Marine x4  
  155  8:37  Supply Depot  
  155  8:38  Supply Depot  
  155  8:39  SCV x2  
  155  8:41  Liberator, Supply Depot x2  
  157  8:45  Fusion Core  
  157  8:55  Marine  
  157  8:57  Liberator  
  157  8:58  Marine x2  
  157  8:59  Marine, Marauder, SCV  
  157  9:00  Marauder  
  157  9:01  SCV  
  173  9:07  Starport Tech Lab  
  173  9:11  Sensor Tower  
  173  9:14  Missile Turret  
  172  9:18  Marine x4  
  172  9:22  Liberator  
  174  9:25  Marauder x3  
  174  9:31  Advanced Ballistics  
  180  9:33  Widow Mine x2  
  180  9:36  Marine x2  
  186  9:41  Missile Turret  
  186  9:44  Liberator  
  188  9:48  Refinery, Marine x2  
  188  9:50  Missile Turret  
  187  9:58  Planetary Fortress  
  187  10:03  Marauder  
  192  10:11  Marine x4  
  196  10:16  Refinery  
  195  10:25  Terran Ship Weapons Level 1  
  198  10:29  Marauder  
  198  10:36  Missile Turret  
  196  10:56  Barracks  
  193  10:57  Barracks  
  193  10:58  Barracks  
  193  11:02  Liberator x2  
  193  11:03  Liberator  
  191  11:09  Marauder x2, Marine x2  
  187  11:14  Marine x2  
  187  11:15  Marauder  
  181  11:25  SCV x2  
  187  11:27  Widow Mine x2  
  187  11:31  Marauder  
  190  11:38  SCV x2  
  191  11:42  SCV x2  
  191  11:44  Marauder x2  
  191  11:45  Marine x2  
  194  11:50  SCV x2  
  196  12:00  Barracks Reactor, Barracks Tech Lab  
  196  12:02  Ghost Academy  
  172  12:11  Widow Mine  
  172  12:12  Widow Mine  
  172  12:13  Medivac x2  
  174  12:19  Marauder  
  174  12:20  Marauder x2  
  174  12:22  Marine x4  
  180  12:24  Terran Infantry Weapons Level 2, SCV x4  
  180  12:26  Command Center, Terran Infantry Armor Level 2  
  180  12:28  Barracks Reactor  
  175  12:45  Liberator x2  
  175  12:51  Marine x3  
  171  12:53  Liberator  
  171  12:54  Widow Mine  
  171  12:55  Widow Mine  
  166  13:04  Marauder, Marine x4  
  166  13:05  Marauder  
  123  13:12  SCV x2  
  115  13:26  Marine x2  
  115  13:27  Marauder x2  
  119  13:31  Marauder x2  
  117  13:36  Liberator x2  
  115  13:41  Widow Mine  
  115  13:42  Widow Mine  
  115  13:43  Marine x4  
  115  13:44  Marine x3  
  115  13:45  Marine  
  115  13:48  Marauder x2  
  131  13:52  Marine  
  131  13:53  Marauder  
  140  14:15  Liberator, Marine x2  
  142  14:19  Liberator, Missile Turret  
  141  14:31  Marauder x2  
  140  14:39  Orbital Command  
  140  14:40  Widow Mine x2  
  134  15:00  Marine x4  
Show
View Real Time Build Order
Export as new Build Order

trusT Protoss - Winner!

Build Orders: 1 Gate Expand, Phoenix Opening 

Get SALT Encoding   

  12  0:00  Probe (Chrono Boost)  
  13  0:11  Probe (Chrono Boost)  
  14  0:18  Pylon  
  14  0:21  Probe (Chrono Boost)  
  15  0:36  Probe (Chrono Boost), Gateway  
  15  0:40  Assimilator  
  16  0:47  Probe (Chrono Boost)  
  17  0:57  Probe (Chrono Boost)  
  18  1:14  Nexus  
  18  1:17  Probe (Chrono Boost)  
  19  1:26  Cybernetics Core  
  19  1:29  Probe (Chrono Boost)  
  20  1:34  Assimilator  
  21  1:40  Probe (Chrono Boost)  
  21  1:44  Pylon  
  21  1:50  Probe (Chrono Boost)  
  22  1:59  Adept  
  23  2:02  Probe (Chrono Boost)  
  25  2:14  Probe (Chrono Boost), Stargate  
  26  2:24  Warp Gate  
  26  2:27  Probe (Chrono Boost)  
  27  2:32  Adept  
  27  2:37  Probe (Chrono Boost)  
  29  2:47  Probe (Chrono Boost)  
  30  2:55  Probe (Chrono Boost)  
  30  2:56  Phoenix  
  32  2:59  Probe (Chrono Boost)  
  35  3:05  Probe (Chrono Boost)  
  35  3:11  Probe (Chrono Boost)  
  36  3:16  Probe (Chrono Boost)  
  36  3:17  Phoenix  
  37  3:24  Mothership Core (Chrono Boost)  
  41  3:30  Pylon, Probe (Chrono Boost)  
  43  3:42  Phoenix  
  43  3:43  Probe (Chrono Boost)  
  43  3:44  Probe (Chrono Boost)  
  46  3:51  Nexus  
  46  3:55  Probe (Chrono Boost)  
  47  4:03  Pylon, Probe (Chrono Boost)  
  47  4:04  Phoenix  
  47  4:07  Probe (Chrono Boost)  
  51  4:15  Gateway  
  51  4:17  Gateway  
  51  4:19  Probe (Chrono Boost)  
  51  4:21  Probe (Chrono Boost)  
  51  4:22  Assimilator  
  53  4:25  Assimilator  
  53  4:29  Probe (Chrono Boost)  
  54  4:33  Probe (Chrono Boost)  
  54  4:36  Robotics Facility  
  55  4:39  Pylon  
  55  4:44  Probe (Chrono Boost)  
  57  4:46  Probe (Chrono Boost)  
  57  4:47  Adept  
  59  4:55  Probe (Chrono Boost)  
  59  4:58  Probe (Chrono Boost)  
  61  5:03  Probe (Chrono Boost)  
  61  5:05  Probe (Chrono Boost)  
  63  5:09  Twilight Council  
  63  5:10  Probe (Chrono Boost), Forge  
  63  5:12  Adept, Sentry  
  68  5:14  Probe (Chrono Boost)  
  68  5:16  Probe (Chrono Boost)  
  70  5:23  Probe (Chrono Boost)  
  70  5:25  Probe (Chrono Boost)  
  70  5:27  Probe (Chrono Boost), Pylon  
  75  5:35  Probe (Chrono Boost)  
  75  5:36  Probe (Chrono Boost)  
  75  5:41  Protoss Ground Weapons Level 1  
  49  5:42  Adept x2, Resonating Glaives  
  75  5:43  Adept  
  75  5:49  Probe x2 (Chrono Boost), Pylon  
  84  5:50  Probe (Chrono Boost)  
  84  5:51  Observer  
  85  5:58  Gateway  
  85  6:00  Gateway  
  85  6:01  Gateway  
  85  6:04  Gateway  
  85  6:14  Probe x3 (Chrono Boost)  
  85  6:15  Adept x2  
  85  6:17  Pylon, Adept  
  94  6:25  Immortal  
  97  6:26  Probe x3 (Chrono Boost), Assimilator  
  97  6:28  Assimilator  
  101  6:33  Pylon  
  101  6:38  Adept x2  
  101  6:39  Adept  
  107  6:42  Phoenix  
  107  6:46  Pylon  
  108  6:50  Pylon  
  108  6:55  Pylon  
  108  6:56  Probe x3 (Chrono Boost)  
  108  6:59  Immortal  
  111  7:08  Pylon  
  115  7:10  Photon Cannon  
  115  7:14  Blink  
  115  7:16  Robotics Facility  
  115  7:18  Robotics Bay  
  115  7:28  Nexus  
  115  7:30  Protoss Ground Armor Level 1  
  115  7:37  Forge  
  114  7:41  Observer  
  115  7:46  Adept x6  
  115  7:48  Adept  
  129  7:56  Pylon  
  129  8:00  Colossus  
  129  8:01  Colossus  
  129  8:07  Pylon  
  129  8:09  Pylon  
  141  8:13  Extended Thermal Lance  
  141  8:14  Pylon  
  137  8:20  Protoss Ground Weapons Level 2  
  137  8:26  Pylon  
  137  8:30  Pylon  
  137  8:43  Gateway  
  137  8:46  Gateway  
  137  8:48  Colossus  
  137  8:49  Adept x2, Colossus  
  137  8:50  Adept x4  
  161  9:09  Sentry  
  163  9:10  Stalker  
  163  9:15  Pylon  
  165  9:17  Protoss Ground Armor Level 2  
  165  9:23  Nexus  
  163  9:34  Photon Cannon  
  163  9:38  Colossus  
  163  9:40  Colossus  
  175  9:54  Pylon  
  175  9:58  Stalker x3  
  175  9:59  Stalker x4  
  188  10:01  Pylon  
  188  10:05  Pylon  
  188  10:08  Templar Archives  
  188  10:22  Protoss Ground Weapons Level 3  
  188  10:29  Warp Prism  
  188  10:31  Observer  
  188  10:33  Psionic Storm  
  190  10:45  High Templar  
  190  10:46  High Templar  
  190  10:47  Assimilator  
  190  10:48  Probe (Chrono Boost), High Templar  
  190  10:49  Probe x2 (Chrono Boost)  
  199  10:52  Assimilator  
  189  11:16  Nexus  
  175  11:22  High Templar  
  173  11:27  Stalker x8  
  189  11:42  Assimilator  
  189  11:46  Assimilator  
  185  11:50  Protoss Ground Armor Level 3, Photon Cannon  
  185  11:52  Stalker x2  
  185  11:53  Pylon, Stalker x5  
  189  11:56  Pylon  
  169  12:14  Stalker x2  
  157  12:16  Stalker x7  
  157  12:19  Colossus  
  171  12:29  Probe (Chrono Boost)  
  181  12:31  Probe x3 (Chrono Boost)  
  181  12:41  Stalker x4  
  181  12:53  Stalker x4  
  150  13:08  Stalker x3  
  150  13:12  Observer  
  154  13:16  Probe (Chrono Boost)  
  154  13:18  Probe x2 (Chrono Boost)  
  158  13:24  Probe (Chrono Boost)  
  158  13:26  Probe (Chrono Boost)  
  160  13:29  Observer  
  159  13:36  Assimilator  
  159  13:40  High Templar  
  161  13:41  High Templar x3  
  161  13:45  Stalker x5  
  177  13:51  Pylon  
  177  13:53  Pylon  
  184  14:17  Adept  
  184  14:18  Adept x5  
  184  14:19  Adept  
  184  14:20  Adept x2  
  186  14:33  Pylon  
  185  14:42  Stalker x6  
  193  14:51  Stalker x2  
  183  15:04  Probe (Chrono Boost), Robotics Facility  
  183  15:05  Probe (Chrono Boost)  
  183  15:06  Probe x2 (Chrono Boost)  
  181  15:19  Probe (Chrono Boost)  
  181  15:20  Probe (Chrono Boost)  
Tags
 
Add a new tag
Caveats
  • Supply blocks, unpowered buildings, or Contaminate may cause inaccurate times.
  • Supply counts are checked every 10 seconds.